3063 views
Uploaded 2019-12-01 20:42:11
Game version 1.32.0.2 / 1.32.0.2.1
15:42 long 4on4 ladder game on (8)Mur'gulOasis_LV
Saved by BEARAND
3063 views
Uploaded 2019-12-01 20:42:11
Game version 1.32.0.2 / 1.32.0.2.1
15:42 long 4on4 ladder game on (8)Mur'gulOasis_LV


64 units @ 4.9k
/ 0k
132 buildings @ 9.3k
/ 4.4k



x1)
| Lesser Clarity Potion | 2 | 140 |
| Orb of Fire | 1 | 325 |
| Staff of Sanctuary | 2 | 500 |
| Boots of Speed | 2 | 500 |
| Staff of Teleportation | 1 | 150 |
| Tome of Retraining | 1 | 300 |
| Healing Salve | 1 | 100 |
| Orb of Lightning | 2 | 750 |
| total: | 12 | 2765g |
| Peasant | 14 | 1050 | / | 0 |
| total: | 14 | 1050g | / | 0w |
| Scout Tower | 25 | 750 | / | 500 |
| Arcane Tower | 2 | 140 | / | 100 |
| Guard Tower | 18 | 1260 | / | 900 |
| Altar of Kings | 1 | 180 | / | 50 |
| Farm | 6 | 480 | / | 120 |
| Lumber Mill | 1 | 120 | / | 0 |
| Arcane Vault | 1 | 130 | / | 30 |
| Town Hall | 1 | 385 | / | 205 |
| Arcane Sanctum | 1 | 150 | / | 140 |
| Keep | 1 | 320 | / | 210 |
| Castle | 1 | 360 | / | 210 |
| total: | 36 | 2195g | / | 1045w |
| 2:02 | Peasant |
| 2:02 | Peasant |
| 2:08 | Altar of Kings |
| 2:23 | Farm |
| 2:27 | Peasant |
| 2:35 | Lumber Mill |
| 2:38 | Farm |
| 2:39 | Peasant |
| 2:55 | Peasant |
| 3:14 | Peasant |
| 3:19 | Peasant |
| 3:24 | Peasant |
| 3:34 | Scout Tower |
| 3:39 | Scout Tower |
| 3:53 | Peasant |
| 4:00 | Arcane Tower |
| 4:03 | Scout Tower |
| 4:04 | Peasant |
| 4:08 | Summon Water Elemental |
| 4:16 | Peasant |
| 4:19 | Improved Masonry |
| 4:22 | Peasant |
| 4:29 | Guard Tower |
| 4:29 | Guard Tower |
| 4:32 | Scout Tower |
| 4:34 | Scout Tower |
| 4:45 | Arcane Vault |
| 4:48 | Scout Tower |
| 4:53 | Scout Tower |
| 4:55 | Scout Tower |
| 4:59 | Guard Tower |
| 5:02 | Peasant |
| 5:30 | Guard Tower |
| 5:32 | Guard Tower |
| 5:33 | Peasant |
| 6:01 | Keep |
| 6:36 | Guard Tower |
| 6:38 | Scout Tower |
| 6:39 | Scout Tower |
| 6:44 | Farm |
| 6:45 | Farm |
| 6:53 | Scout Tower |
| 7:02 | Healing Salve |
| 7:10 | Guard Tower |
| 7:11 | Scout Tower |
| 7:12 | Guard Tower |
| 7:13 | Scout Tower |
| 7:21 | Brilliance Aura |
| 7:26 | Guard Tower |
| 7:29 | Scout Tower |
| 7:46 | Scout Tower |
| 7:48 | Scout Tower |
| 7:48 | Guard Tower |
| 7:49 | Guard Tower |
| 8:06 | Guard Tower |
| 8:37 | Castle |
| 8:49 | Guard Tower |
| 8:54 | Scout Tower |
| 8:54 | Scout Tower |
| 9:19 | Storm Bolt |
| 9:22 | Farm |
| 9:23 | Farm |
| 9:23 | Advanced Masonry |
| 9:23 | Improved Lumber Harvesting |
| 9:42 | Guard Tower |
| 9:56 | Lesser Clarity Potion |
| 9:56 | Lesser Clarity Potion |
| 9:59 | Guard Tower |
| 10:38 | Brilliance Aura |
| 11:01 | Imbued Masonry |
| 11:04 | Scout Tower |
| 11:04 | Scout Tower |
| 11:04 | Scout Tower |
| 11:05 | Scout Tower |
| 11:38 | Bash |
| 12:02 | Holy Light |
| 12:24 | Orb of Fire |
| 12:24 | Staff of Sanctuary |
| 14:03 | Boots of Speed |
| 14:03 | Staff of Teleportation |
| 14:11 | Boots of Speed |
| 14:44 | Storm Bolt |
| 14:49 | Guard Tower |
| 14:53 | Town Hall |
| 15:03 | Arcane Sanctum |
| 15:04 | Scout Tower |
| 15:04 | Scout Tower |
| 15:05 | Scout Tower |
| 15:36 | Tome of Retraining |
| 15:36 | Retrain Hero |
| 15:38 | Blizzard |
| 15:38 | Brilliance Aura |
| 15:38 | Blizzard |
| 15:58 | Staff of Sanctuary |
| 16:40 | Orb of Lightning |
| 16:40 | Orb of Lightning |
| 16:47 | Magic Sentry |
| 16:48 | Arcane Tower |
| Right click | 1105 |
| Select | 304 |
| Select group | 219 |
| Build/train/purchase | 114 |
| Chat | 71 |
| Use ability | 40 |
| Assign group | 29 |
| Item give/drop | 5 |
| Resource trade | 5 |
| Misc. action | 1 |
| Minimap ping | 1 |



| Staff of Sanctuary | 3 | 750 |
| Staff of Teleportation | 2 | 300 |
| Boots of Speed | 3 | 750 |
| Healing Salve | 1 | 100 |
| Orb of Lightning | 2 | 750 |
| total: | 11 | 2650g |
| Peasant | 14 | 1050 | / | 0 |
| total: | 14 | 1050g | / | 0w |
| Scout Tower | 30 | 900 | / | 600 |
| Arcane Tower | 1 | 70 | / | 50 |
| Guard Tower | 14 | 980 | / | 700 |
| Altar of Kings | 1 | 180 | / | 50 |
| Farm | 5 | 400 | / | 100 |
| Lumber Mill | 1 | 120 | / | 0 |
| Arcane Vault | 3 | 390 | / | 90 |
| Arcane Sanctum | 2 | 300 | / | 280 |
| Keep | 2 | 640 | / | 420 |
| Castle | 1 | 360 | / | 210 |
| total: | 42 | 2290g | / | 1120w |
| 2:02 | Peasant |
| 2:02 | Peasant |
| 2:12 | Altar of Kings |
| 2:13 | Farm |
| 2:21 | Peasant |
| 2:39 | Peasant |
| 2:45 | Peasant |
| 2:50 | Lumber Mill |
| 2:56 | Farm |
| 2:59 | Peasant |
| 3:08 | Scout Tower |
| 3:21 | Peasant |
| 3:32 | Peasant |
| 3:32 | Peasant |
| 3:34 | Arcane Tower |
| 3:38 | Peasant |
| 3:47 | Scout Tower |
| 3:56 | Peasant |
| 4:02 | Scout Tower |
| 4:10 | Blizzard |
| 4:17 | Guard Tower |
| 4:18 | Scout Tower |
| 4:25 | Peasant |
| 4:34 | Guard Tower |
| 4:36 | Scout Tower |
| 4:37 | Scout Tower |
| 4:55 | Healing Salve |
| 5:09 | Guard Tower |
| 5:10 | Scout Tower |
| 5:11 | Scout Tower |
| 5:13 | Peasant |
| 5:13 | Peasant |
| 5:17 | Guard Tower |
| 5:20 | Scout Tower |
| 6:03 | Guard Tower |
| 6:15 | Keep |
| 6:33 | Improved Masonry |
| 6:37 | Farm |
| 6:46 | Scout Tower |
| 6:47 | Scout Tower |
| 7:07 | Brilliance Aura |
| 7:25 | Guard Tower |
| 7:27 | Scout Tower |
| 7:27 | Scout Tower |
| 7:28 | Scout Tower |
| 7:28 | Scout Tower |
| 7:42 | Farm |
| 7:47 | Scout Tower |
| 7:48 | Scout Tower |
| 7:49 | Scout Tower |
| 8:19 | Guard Tower |
| 8:21 | Guard Tower |
| 8:25 | Staff of Teleportation |
| 8:26 | Boots of Speed |
| 8:30 | Guard Tower |
| 8:54 | Arcane Sanctum |
| 9:31 | Castle |
| 9:36 | Storm Bolt |
| 10:30 | Scout Tower |
| 10:31 | Scout Tower |
| 10:32 | Scout Tower |
| 10:32 | Scout Tower |
| 10:34 | Arcane Sanctum |
| 10:37 | Advanced Masonry |
| 10:38 | Farm |
| 10:45 | Brilliance Aura |
| 10:59 | Arcane Vault |
| 11:00 | Arcane Vault |
| 11:04 | Arcane Vault |
| 11:15 | Guard Tower |
| 11:31 | Guard Tower |
| 11:32 | Scout Tower |
| 11:33 | Scout Tower |
| 11:33 | Scout Tower |
| 11:34 | Scout Tower |
| 11:38 | Bash |
| 12:36 | Guard Tower |
| 12:38 | Scout Tower |
| 12:39 | Scout Tower |
| 12:40 | Scout Tower |
| 12:40 | Scout Tower |
| 12:43 | Imbued Masonry |
| 12:44 | Magic Sentry |
| 13:36 | Guard Tower |
| 13:41 | Holy Light |
| 13:47 | Staff of Teleportation |
| 13:47 | Boots of Speed |
| 14:13 | Boots of Speed |
| 14:31 | Staff of Sanctuary |
| 14:56 | Staff of Sanctuary |
| 14:58 | Staff of Sanctuary |
| 16:07 | Orb of Lightning |
| 16:14 | Orb of Lightning |
| 16:28 | Blizzard |
| 17:37 | Storm Bolt |
| Right click | 780 |
| Select group | 633 |
| Select | 164 |
| Chat | 148 |
| Build/train/purchase | 124 |
| Use ability | 58 |
| Misc. action | 36 |
| Minimap ping | 9 |
| Item give/drop | 7 |
| Assign group | 5 |
IcebergSlim
(17:40) : 

| Healing Salve | 1 | 100 |
| Lesser Clarity Potion | 1 | 70 |
| Boots of Speed | 2 | 500 |
| Staff of Teleportation | 1 | 150 |
| total: | 5 | 820g |
| Peon | 20 | 1500 | / | 0 |
| total: | 20 | 1500g | / | 0w |
| Watch Tower | 13 | 1430 | / | 1040 |
| Altar of Storms | 1 | 180 | / | 50 |
| Orc Burrow | 3 | 480 | / | 120 |
| War Mill | 1 | 205 | / | 0 |
| Voodoo Lounge | 4 | 520 | / | 120 |
| Great Hall | 1 | 385 | / | 185 |
| Stronghold | 1 | 315 | / | 190 |
| Fortress | 1 | 325 | / | 190 |
| total: | 23 | 3200g | / | 1515w |
| 2:01 | Peon |
| 2:01 | Peon |
| 2:04 | Altar of Storms |
| 2:17 | Orc Burrow |
| 2:20 | Peon |
| 2:32 | Peon |
| 2:50 | War Mill |
| 2:55 | Peon |
| 3:01 | Voodoo Lounge |
| 3:05 | Peon |
| 3:21 | Peon |
| 3:30 | Peon |
| 3:50 | Orc Burrow |
| 3:55 | Peon |
| 4:03 | Peon |
| 4:08 | Healing Salve |
| 4:13 | Shockwave |
| 4:23 | Peon |
| 4:32 | Peon |
| 4:35 | Watch Tower |
| 4:54 | Voodoo Lounge |
| 5:03 | Voodoo Lounge |
| 5:10 | Peon |
| 5:10 | Peon |
| 5:21 | Voodoo Lounge |
| 6:08 | Stronghold |
| 6:17 | Lesser Clarity Potion |
| 7:06 | Watch Tower |
| 7:37 | Spiked Barricades |
| 7:45 | Watch Tower |
| 8:10 | Endurance Aura |
| 8:28 | Boots of Speed |
| 9:05 | Fortress |
| 9:30 | Watch Tower |
| 9:32 | Reinforced Defenses |
| 9:45 | Hex |
| 10:06 | Watch Tower |
| 10:08 | Improved Spiked Barricades |
| 11:10 | Watch Tower |
| 11:37 | Shockwave |
| 11:38 | Healing Wave |
| 12:36 | Watch Tower |
| 12:56 | Pillage |
| 12:59 | Steel Armor |
| 13:00 | Steel Ranged Weapons |
| 13:11 | Great Hall |
| 14:09 | Watch Tower |
| 14:19 | Staff of Teleportation |
| 14:57 | Boots of Speed |
| 15:01 | Hex |
| 15:07 | Watch Tower |
| 15:09 | Peon |
| 15:10 | Peon |
| 15:12 | Orc Burrow |
| 15:24 | Watch Tower |
| 15:50 | Thorium Ranged Weapons |
| 15:50 | Thorium Armor |
| 16:44 | Watch Tower |
| 16:46 | Peon |
| 16:46 | Peon |
| 16:47 | Peon |
| 16:47 | Peon |
| 17:03 | Watch Tower |
| 17:08 | Watch Tower |
| Right click | 856 |
| Select | 234 |
| Select group | 204 |
| Misc. action | 58 |
| Build/train/purchase | 45 |
| Use ability | 33 |
| Chat | 27 |
| Resource trade | 17 |
| Assign group | 3 |
| Item give/drop | 2 |
| Remove unit | 1 |
| Esc | 1 |
| Minimap ping | 1 |
iggythefisk
(17:40) : 


| Staff of Sanctuary | 1 | 250 |
| Boots of Speed | 3 | 750 |
| Staff of Teleportation | 1 | 150 |
| total: | 5 | 1150g |
| Peasant | 14 | 1050 | / | 0 |
| Priest | 1 | 135 | / | 10 |
| Sorceress | 1 | 155 | / | 20 |
| total: | 16 | 1340g | / | 30w |
| Scout Tower | 23 | 690 | / | 460 |
| Arcane Tower | 3 | 210 | / | 150 |
| Guard Tower | 15 | 1050 | / | 750 |
| Altar of Kings | 1 | 180 | / | 50 |
| Farm | 4 | 320 | / | 80 |
| Lumber Mill | 1 | 120 | / | 0 |
| Arcane Vault | 1 | 130 | / | 30 |
| Arcane Sanctum | 1 | 150 | / | 140 |
| Keep | 1 | 320 | / | 210 |
| Castle | 1 | 360 | / | 210 |
| total: | 31 | 1590g | / | 760w |
| 2:00 | Peasant |
| 2:07 | Altar of Kings |
| 2:14 | Peasant |
| 2:17 | Farm |
| 2:25 | Peasant |
| 2:33 | Lumber Mill |
| 2:34 | Peasant |
| 2:46 | Farm |
| 2:48 | Peasant |
| 3:13 | Peasant |
| 3:24 | Scout Tower |
| 3:25 | Scout Tower |
| 3:26 | Peasant |
| 3:34 | Arcane Vault |
| 3:39 | Peasant |
| 3:51 | Peasant |
| 3:52 | Arcane Tower |
| 3:58 | Scout Tower |
| 4:06 | Storm Bolt |
| 4:11 | Peasant |
| 4:11 | Peasant |
| 4:17 | Guard Tower |
| 4:41 | Peasant |
| 4:44 | Guard Tower |
| 4:45 | Scout Tower |
| 4:53 | Scout Tower |
| 5:05 | Peasant |
| 5:05 | Peasant |
| 5:16 | Guard Tower |
| 5:31 | Scout Tower |
| 5:32 | Scout Tower |
| 5:32 | Scout Tower |
| 5:34 | Arcane Tower |
| 5:43 | Bash |
| 5:51 | Keep |
| 6:37 | Guard Tower |
| 6:38 | Scout Tower |
| 6:49 | Guard Tower |
| 6:51 | Improved Masonry |
| 7:02 | Farm |
| 7:21 | Guard Tower |
| 7:22 | Scout Tower |
| 7:22 | Scout Tower |
| 7:50 | Guard Tower |
| 7:52 | Scout Tower |
| 7:52 | Scout Tower |
| 7:53 | Scout Tower |
| 7:54 | Scout Tower |
| 8:17 | Advanced Masonry |
| 8:17 | Improved Lumber Harvesting |
| 8:46 | Guard Tower |
| 8:46 | Guard Tower |
| 8:48 | Castle |
| 9:12 | Holy Light |
| 9:17 | Storm Bolt |
| 9:34 | Guard Tower |
| 9:46 | Arcane Sanctum |
| 9:48 | Farm |
| 10:15 | Guard Tower |
| 10:17 | Scout Tower |
| 10:17 | Scout Tower |
| 11:06 | Magic Sentry |
| 11:12 | Guard Tower |
| 11:14 | Scout Tower |
| 11:15 | Scout Tower |
| 11:38 | Imbued Masonry |
| 11:38 | Advanced Lumber Harvesting |
| 12:03 | Divine Shield |
| 13:05 | Guard Tower |
| 13:06 | Scout Tower |
| 13:07 | Scout Tower |
| 13:09 | Siphon Mana |
| 13:34 | Arcane Tower |
| 13:47 | Staff of Sanctuary |
| 13:53 | Boots of Speed |
| 13:53 | Staff of Teleportation |
| 14:12 | Bash |
| 14:24 | Guard Tower |
| 14:25 | Scout Tower |
| 14:26 | Scout Tower |
| 14:47 | Sorceress Adept Training |
| 14:47 | Priest Adept Training |
| 14:48 | Priest |
| 14:48 | Sorceress |
| 15:21 | Boots of Speed |
| 15:26 | Boots of Speed |
| 15:32 | Guard Tower |
| 16:13 | Holy Light |
| Right click | 984 |
| Select group | 741 |
| Chat | 299 |
| Assign group | 236 |
| Select | 198 |
| Build/train/purchase | 95 |
| Use ability | 47 |
| Misc. action | 16 |
| Resource trade | 5 |
| Item give/drop | 3 |
65 units @ 8.6k
/ 0.9k
54 buildings @ 8.6k
/ 2.9k


| Healing Salve | 2 | 200 |
| total: | 2 | 200g |
| Peon | 12 | 900 | / | 0 |
| Troll Headhunter | 2 | 280 | / | 40 |
| total: | 14 | 1180g | / | 40w |
| Watch Tower | 6 | 660 | / | 480 |
| Altar of Storms | 1 | 180 | / | 50 |
| Orc Burrow | 5 | 800 | / | 200 |
| Voodoo Lounge | 1 | 130 | / | 30 |
| War Mill | 3 | 615 | / | 0 |
| Barracks | 2 | 360 | / | 100 |
| Stronghold | 1 | 315 | / | 190 |
| total: | 18 | 2745g | / | 860w |
| 2:12 | Altar of Storms |
| 2:27 | Orc Burrow |
| 2:40 | Peon |
| 2:40 | Peon |
| 2:40 | Peon |
| 2:41 | Peon |
| 2:41 | Peon |
| 3:36 | Voodoo Lounge |
| 3:51 | Orc Burrow |
| 4:25 | Pillage |
| 4:37 | War Mill |
| 4:50 | War Mill |
| 4:59 | War Mill |
| 5:09 | Peon |
| 5:09 | Peon |
| 5:11 | Peon |
| 5:23 | Healing Salve |
| 5:27 | War Stomp |
| 5:48 | Peon |
| 5:48 | Peon |
| 5:49 | Peon |
| 5:52 | Peon |
| 6:53 | Watch Tower |
| 6:57 | Watch Tower |
| 6:59 | Watch Tower |
| 7:11 | Steel Armor |
| 7:11 | Steel Melee Weapons |
| 7:12 | Steel Ranged Weapons |
| 7:13 | Spiked Barricades |
| 8:05 | Watch Tower |
| 8:12 | Watch Tower |
| 8:25 | Watch Tower |
| 9:19 | Stronghold |
| 9:36 | Barracks |
| 9:42 | Barracks |
| 9:46 | Healing Salve |
| 10:01 | Orc Burrow |
| 11:14 | Orc Burrow |
| 11:22 | Orc Burrow |
| 11:42 | Reinforced Defenses |
| 11:42 | Improved Spiked Barricades |
| 11:42 | Thorium Ranged Weapons |
| 11:43 | Thorium Melee Weapons |
| 11:43 | Thorium Armor |
| 11:52 | Troll Headhunter |
| 11:53 | Troll Headhunter |
| 11:57 | Endurance Aura |
| 12:39 | Healing Wave |
| Right click | 216 |
| Select | 87 |
| Build/train/purchase | 36 |
| Chat | 29 |
| Use ability | 6 |
| Item give/drop | 3 |
| Misc. action | 1 |

| Healing Salve | 1 | 100 |
| total: | 1 | 100g |
| Peon | 6 | 450 | / | 0 |
| Grunt | 4 | 800 | / | 0 |
| Troll Headhunter | 6 | 840 | / | 120 |
| Demolisher | 1 | 220 | / | 50 |
| total: | 17 | 2310g | / | 170w |
| Altar of Storms | 1 | 180 | / | 50 |
| Barracks | 2 | 360 | / | 100 |
| Orc Burrow | 6 | 960 | / | 240 |
| Voodoo Lounge | 1 | 130 | / | 30 |
| War Mill | 1 | 205 | / | 0 |
| Stronghold | 1 | 315 | / | 190 |
| total: | 11 | 1835g | / | 420w |
| 2:09 | Altar of Storms |
| 2:15 | Barracks |
| 2:19 | Orc Burrow |
| 2:27 | Peon |
| 3:04 | Peon |
| 3:22 | Peon |
| 3:31 | Voodoo Lounge |
| 3:40 | Peon |
| 3:53 | Grunt |
| 4:14 | Feral Spirit |
| 4:19 | Orc Burrow |
| 4:45 | Grunt |
| 4:49 | War Mill |
| 5:10 | Peon |
| 5:15 | Orc Burrow |
| 5:42 | Grunt |
| 5:46 | Peon |
| 6:37 | Grunt |
| 6:38 | Troll Headhunter |
| 6:39 | Troll Headhunter |
| 6:39 | Troll Headhunter |
| 6:44 | Barracks |
| 6:47 | Steel Armor |
| 6:56 | Orc Burrow |
| 7:26 | Chain Lighting |
| 7:40 | Troll Headhunter |
| 7:42 | Stronghold |
| 8:25 | Feral Spirit |
| 8:46 | Troll Headhunter |
| 8:49 | Steel Ranged Weapons |
| 9:13 | Healing Salve |
| 9:19 | Troll Headhunter |
| 9:48 | Orc Burrow |
| 11:19 | Demolisher |
| 11:26 | Orc Burrow |
| 11:29 | Spiked Barricades |
| 11:31 | Thorium Ranged Weapons |
| 11:36 | Troll Regeneration |
| Right click | 313 |
| Select | 135 |
| Chat | 119 |
| Build/train/purchase | 39 |
| Misc. action | 13 |
| Use ability | 9 |
| Minimap ping | 1 |


| Rod of Necromancy | 1 | 150 |
| total: | 1 | 150g |
| Acolyte | 2 | 150 | / | 0 |
| Ghoul | 4 | 480 | / | 0 |
| Crypt Fiend | 5 | 1075 | / | 200 |
| Obsidian Statue | 1 | 200 | / | 35 |
| Abomination | 1 | 240 | / | 70 |
| total: | 13 | 2145g | / | 305w |
| Nerubian Tower | 1 | 100 | / | 20 |
| Crypt | 1 | 200 | / | 50 |
| Graveyard | 1 | 215 | / | 0 |
| Altar of Darkness | 1 | 180 | / | 50 |
| Ziggurat | 4 | 600 | / | 200 |
| Tomb of Relics | 1 | 130 | / | 30 |
| Slaughterhouse | 2 | 280 | / | 270 |
| Halls of the Dead | 1 | 320 | / | 210 |
| Black Citadel | 1 | 325 | / | 230 |
| total: | 10 | 1605g | / | 600w |
| 2:03 | Acolyte |
| 2:08 | Crypt |
| 2:11 | Graveyard |
| 2:17 | Acolyte |
| 2:43 | Altar of Darkness |
| 2:58 | Ziggurat |
| 3:09 | Ghoul |
| 3:24 | Tomb of Relics |
| 3:50 | Crypt Fiend |
| 4:02 | Ziggurat |
| 4:24 | Crypt Fiend |
| 4:38 | Nerubian Tower |
| 4:51 | Rod of Necromancy |
| 4:53 | Death Coil |
| 5:17 | Crypt Fiend |
| 5:44 | Halls of the Dead |
| 5:55 | Unholy Aura |
| 6:05 | Crypt Fiend |
| 7:05 | Crypt Fiend |
| 7:22 | Ghoul |
| 8:20 | Ziggurat |
| 8:22 | Black Citadel |
| 8:45 | Death Coil |
| 8:52 | Ziggurat |
| 9:23 | Slaughterhouse |
| 10:36 | Obsidian Statue |
| 10:43 | Slaughterhouse |
| 10:46 | Ghoul |
| 10:51 | Frost Nova |
| 12:05 | Disease Cloud |
| 12:05 | Abomination |
| 12:28 | Ghoul |
| Right click | 327 |
| Select | 143 |
| Select group | 71 |
| Misc. action | 34 |
| Build/train/purchase | 32 |
| Assign group | 18 |
| Use ability | 12 |

| Potion of Healing | 4 | 600 |
| Orb of Corruption | 2 | 750 |
| Boots of Speed | 1 | 250 |
| Potion of Lesser Invulnerability | 1 | 150 |
| Periapt of Vitality | 1 | 325 |
| total: | 9 | 2075g |
| Acolyte | 4 | 300 | / | 0 |
| Ghoul | 6 | 720 | / | 0 |
| Abomination | 2 | 480 | / | 140 |
| Necromancer | 6 | 870 | / | 120 |
| Obsidian Statue | 2 | 400 | / | 70 |
| Crypt Fiend | 1 | 215 | / | 40 |
| total: | 21 | 2985g | / | 370w |
| Nerubian Tower | 1 | 100 | / | 20 |
| Spirit Tower | 4 | 580 | / | 160 |
| Crypt | 1 | 200 | / | 50 |
| Altar of Darkness | 1 | 180 | / | 50 |
| Ziggurat | 6 | 900 | / | 300 |
| Graveyard | 2 | 430 | / | 0 |
| Tomb of Relics | 1 | 130 | / | 30 |
| Slaughterhouse | 2 | 280 | / | 270 |
| Temple of the Damned | 2 | 310 | / | 280 |
| Halls of the Dead | 2 | 640 | / | 420 |
| Black Citadel | 1 | 325 | / | 230 |
| total: | 15 | 2430g | / | 980w |
| 2:04 | Acolyte |
| 2:04 | Acolyte |
| 2:09 | Crypt |
| 2:16 | Altar of Darkness |
| 2:34 | Ziggurat |
| 2:47 | Acolyte |
| 3:05 | Acolyte |
| 3:09 | Ziggurat |
| 3:14 | Ghoul |
| 3:43 | Ghoul |
| 3:58 | Ghoul |
| 4:13 | Ghoul |
| 4:26 | Halls of the Dead |
| 4:41 | Ghoul |
| 4:43 | Nerubian Tower |
| 5:00 | Sleep |
| 5:09 | Ghoul |
| 5:50 | Graveyard |
| 5:53 | Ziggurat |
| 5:59 | Ziggurat |
| 7:00 | Cannibalize |
| 7:10 | Tomb of Relics |
| 7:20 | Vampiric Aura |
| 8:50 | Graveyard |
| 8:53 | Ziggurat |
| 8:55 | Black Citadel |
| 9:34 | Vampiric Aura |
| 9:43 | Boots of Speed |
| 9:44 | Potion of Lesser Invulnerability |
| 9:46 | Periapt of Vitality |
| 10:50 | Slaughterhouse |
| 10:53 | Slaughterhouse |
| 10:56 | Temple of the Damned |
| 11:02 | Spirit Tower |
| 11:07 | Temple of the Damned |
| 11:08 | Ziggurat |
| 11:17 | Unholy Strength |
| 12:21 | Abomination |
| 12:21 | Abomination |
| 12:23 | Necromancer Adept Training |
| 12:24 | Necromancer |
| 12:24 | Necromancer |
| 12:38 | Potion of Healing |
| 12:51 | Orb of Corruption |
| 12:51 | Orb of Corruption |
| 13:47 | Obsidian Statue |
| 13:47 | Obsidian Statue |
| 13:50 | Necromancer |
| 13:50 | Necromancer |
| 14:57 | Spirit Tower |
| 15:37 | Web |
| 15:38 | Crypt Fiend |
| 16:17 | Necromancer |
| 16:17 | Necromancer |
| 16:37 | Potion of Healing |
| 16:37 | Potion of Healing |
| 16:37 | Potion of Healing |
| Right click | 553 |
| Select group | 338 |
| Chat | 293 |
| Select | 206 |
| Build/train/purchase | 58 |
| Misc. action | 26 |
| Assign group | 25 |
| Use ability | 12 |
| Minimap ping | 4 |
| Item give/drop | 1 |
| Remove unit | 1 |